 Dungeon Crawl Stone Soup version 0.17-a0-469-g696e5a1 (console) character file.

63 hyperkellhus the Digger (level 3, -4/24 HPs)
             Began as a Mummy Earth Elementalist on Apr 6, 2015.
             Was an Initiate of Okawaru.
             Slain by an orc
             ... wielding a +0 whip
              (5 damage)
             ... on level 3 of the Dungeon.
             The game lasted 00:07:21 (2721 turns).

hyperkellhus the Digger (Mummy Earth Elementalist)  Turns: 2721, Time: 00:07:21

Health: -4/24      AC:  3    Str: 11    XL:     3   Next: 89%
Magic:  3/6        EV: 12    Int: 15    God:    Okawaru [......]
Gold:   90         SH:  0    Dex: 12    Spells: 1 memorised, 5 levels left

rFire  x . .     SeeInvis .     a - +5 falchion
rCold  + . .     Clarity  .     c - +0 robe
rNeg   + + +     SustAb   .     (no shield)
rPois  ∞         Gourm    .     e - +0 helmet (curse)
rElec  .         Spirit   .     (no cloak)
rCorr  .         Warding  .     (no gloves)
rMut   .         Stasis   .     (no boots)
MR     .....                    (no amulet)
Stlth  +.........               (no ring)
                                (no ring)

@: confused, very slightly contaminated, not resistant to hostile enchantments,
very unstealthy
A: no food or potions, fire vulnerability, cold resistance 1, negative energy
resistance 3, torment resistance, unbreathing
a: Renounce Religion


You were on level 3 of the Dungeon.
You worshipped Okawaru.
Okawaru was noncommittal.
You were not hungry.

You visited 1 branch of the dungeon, and saw 3 of its levels.

You collected 90 gold pieces.

Inventory:

Hand weapons
 a - a +5 falchion (weapon)
 f - a +0 spear
Missiles
 b - 78 stones (quivered)
Armour
 c - a +0 robe (worn)
 e - a cursed +0 helmet (worn)
Jewellery
 g - an uncursed ring of see invisible {unknown}
 h - an uncursed ring of protection from magic {unknown}
Scrolls
 i - 2 scrolls of identify {unknown}
 j - a scroll of magic mapping {unknown}
 k - 2 scrolls of teleportation {unknown}
 l - a scroll of immolation {unknown}
 m - a scroll of blinking {unknown}
 n - 2 scrolls of remove curse {unknown}
Books
 d - a book of Geomancy

   Spells                             Type                      Level
   a - Sandblast                      Earth                        1
   b - Stoneskin                      Transmutation/Earth          2
   c - Passwall                       Transmutation/Earth          3
   d - Stone Arrow                    Conjuration/Earth            3
   e - Petrify                        Transmutation/Earth          4
   f - Lee's Rapid Deconstruction     Earth                        5


   Skills:
 - Level 1.5 Dodging
 - Level 1.5 Stealth
 - Level 2.0 Spellcasting
   Level 0.7 Transmutations
 + Level 4.0 Earth Magic


You had 5 spell levels left.
You knew the following spells:

 Your Spells              Type           Power        Failure   Level  Hunger
a - Sandblast             Erth           ##....       4%          1    N/A

Dungeon Overview and Level Annotations

Branches:
Dungeon (3/15)

Altars:
Ashenzari
Elyvilon
Okawaru

Annotations:
D:2 exclusion: adder


Innate Abilities, Weirdness & Mutations

You do not eat or drink.
Your flesh is vulnerable to fire.
You are immune to poison.
Your flesh is cold resistant.
You are immune to negative energy.
You are immune to unholy pain and torment.
You can survive without breathing.


Message History

You are confused.
The orc hits you but does no damage. The orc hits you with a club.
Press: ? - help, v - describe, . - travel
Here: an orc wizard, wielding a dagger and wearing a robe (severely wounded)
The floor.
a - a +5 falchion (weapon)
The orc wizard completely misses you. The orc misses you.
Unknown command.
The orc wizard hits you with a dagger.
* * * LOW HITPOINT WARNING * * *
Unknown command.
You closely miss the orc wizard.
The orc wizard is severely wounded.
The orc wizard casts a spell at you. The magic dart hits you!
* * * LOW HITPOINT WARNING * * *
Unknown command.
You swing at nothing.
The orc wizard closely misses you. The orc closely misses you.
The orc hits you with a whip.
You die...

### ... #
##.## ##.
##...##
#...#.....##
#........####
#.ooo#......
##.@...#
##.#### #.#
#.# #.# #.#
... #.# #.#


You could see an orc wizard and 2 orcs.

Vanquished Creatures
  A worm (D:2)
  A giant gecko (D:1)
  An ooze (D:2)
  2 orcs (D:3)
  10 goblins
  4 hobgoblins
  5 jackals (D:2)
  14 bats
  A giant cockroach (D:2)
  3 giant newts
  6 kobolds
  2 rats (D:2)
50 creatures vanquished.

Notes
Turn   | Place    | Note
--------------------------------------------------------------
     0 | D:1      | hyperkellhus, the Mummy Earth Elementalist, began the quest for the Orb.
     0 | D:1      | Reached XP level 1. HP: 13/13 MP: 3/3
   112 | D:1      | You fall through a shaft!
   239 | D:2      | Found an iron altar of Okawaru.
   412 | D:2      | Reached XP level 2. HP: 19/19 MP: 5/5
   496 | D:2      | Reached skill level 3 in Earth Magic
  1178 | D:1      | Reached XP level 3. HP: 24/24 MP: 0/6
  2005 | D:2      | Became a worshipper of Warmaster Okawaru
  2612 | D:3      | Found a shattered altar of Ashenzari.
  2680 | D:3      | Reached skill level 4 in Earth Magic
  2703 | D:3      | Found a white marble altar of Elyvilon.
  2720 | D:3      | HP: 1/24 [orc wizard/magic dart (6)]
  2721 | D:3      | Slain by an orc

Action                   || total
-------------------------++-------
Melee: Falchion          ||   106
       Spear             ||     7
 Cast: Sandblast         ||    18
 Stab: Sleeping          ||     2
